 Dungeon Crawl Stone Soup version 0.23-a0-405-g368ce00 (webtiles) character file.

53 GizzardofKazz the Twirler (level 3, 0/29 HPs)
             Began as a Draconian Gladiator on Nov 7, 2018.
             Succumbed to an adder's poison
             ... on level 1 of the Dungeon.
             The game lasted 00:01:54 (658 turns).

GizzardofKazz the Twirler (Draconian Gladiator)      Turns: 658, Time: 00:01:54

Health: 0/29       AC:  5    Str: 16    XL:     3   Next: 64%
Magic:  3/3        EV: 13    Int:  9    God:
Gold:   88         SH:  0    Dex: 12    Spells: 2/2 levels left

rFire    . . .     SeeInvis .   a - +1 quarterstaff
rCold    . . .     Gourm    .   (shield currently unavailable)
rNeg     . . .     Faith    .   (armour unavailable)
rPois    .         Spirit   .   b - +0 hat
rElec    .         Reflect  .   (no cloak)
rCorr    .         Harm     .   (no gloves)
MR       .....                  (no boots)
Stlth    +.........             (no amulet)
HPRegen  0.09/turn              (no ring)
MPRegen  0.08/turn              (no ring)

@: lethally poisoned (0 -> -3)
A: unfitting armour, cold-blooded, AC +5
a: no special abilities


You were on level 1 of the Dungeon.
You were not hungry.

You visited 1 branch of the dungeon, and saw 2 of its levels.

You collected 88 gold pieces.

Inventory:

Hand Weapons
 a - a +1 quarterstaff (weapon)
Missiles
 c - 3 throwing nets (quivered)
Armour
 b - a +0 hat (worn)
Comestibles
 d - 3 rations
 f - 4 chunks of flesh


   Skills:
 - Level 2.1 Fighting
 + Level 4.7 Staves
 - Level 1.7 Throwing
 - Level 2.6 Dodging


You had 2 spell levels left.
You didn't know any spells.
Your spell library was empty.

Dungeon Overview and Level Annotations

Branches:
Dungeon (2/15)

Altars:
Cheibriados
Nemelex Xobeh


Innate Abilities, Weirdness & Mutations

Your plain brown scales are hard. (AC +5)
You cannot fit into any form of body armour.
You are cold-blooded and may be slowed by cold attacks.


Message History

You feel sick.
There is a stone staircase leading down here.
Unknown command.
* * * LOW HITPOINT WARNING * * *
You feel sick.
As you read the scroll labeled CUHAOMUUSU, it crumbles to dust.
You feel blessed for a moment.
It was a scroll of remove curse.
As you read the scroll labeled AMENOG PUNG, it crumbles to dust.
It is a scroll of enchant weapon.
Your +0 quarterstaff glows red for a moment.
* * * LOW HITPOINT WARNING * * *
You feel sick.
You aren't carrying any potions.
There are no items here.
You are too injured to fight recklessly!
There is an open door here.
* * * LOW HITPOINT WARNING * * *
You feel sick.
Unknown command.
You die...

.........#............#...#...#..
.........#....).........#...#...#
.........#.>..........#...#...#..
.........###..#'####+...#...#...#
..........##..........#...#...#..
..........##............#...#...#
..........##.#............#...#..
...##.......................#..##
.......##....#.)@......#.....#...
....#........................####
....#........................#
....#.....................#######
..).+.....................'......
....#.....................#######
....#....(................#
....#..................####
#####.........##########


There were no monsters in sight!

Vanquished Creatures
  2 adders (D:2)
  4 leopard geckos (D:2)
  4 giant cockroaches
  6 hobgoblins
  5 jackals (D:2)
  2 bats (D:1)
  A frilled lizard (D:1)
  4 rats
28 creatures vanquished.

Notes
Turn   | Place    | Note
-------+----------+-------------------------------------------
     0 | D:1      | GizzardofKazz the Draconian Gladiator began the quest for
                  | the Orb.
     0 | D:1      | Reached XP level 1. HP: 17/17 MP: 1/1
   156 | D:1      | Reached XP level 2. HP: 24/24 MP: 2/2
   350 | D:1      | You fall through a shaft!
   350 | D:2      | Found a sparkling altar of Nemelex Xobeh.
   350 | D:2      | Found a snail-covered altar of Cheibriados.
   368 | D:2      | Reached skill level 4 in Staves
   406 | D:2      | Reached XP level 3. HP: 11/29 MP: 3/3
   650 | D:1      | HP: 1/29 [poisoned by an adder]
   658 | D:1      | Succumbed to an adder's poison

Vault maps used:
D:1:      erik_arrival_blinker_ship, hex_medium
D:2:      nicolae_overflow_hidden_temple, grunt_temple_overflow_open

Skill      XL: |  1  2 |
---------------+-------+-----
Staves         | 4 |  4.7
Fighting       | |  2.1
Throwing       | |  1.7
Dodging        | |  2.6

Action                   || total
-------------------------++-------
Melee: Quarterstaff      ||    68
       Tailslap          ||     7
  Use: Scroll            ||     2
 Stab: Sleeping          ||     1
Armor: Skin              ||    16
Dodge: Dodged            ||    43

Table legend:
 A = Non-vault XP
 B = Vault XP
 C = Vault XP percentage of total XP
 D = Non-vault monster count
 E = Vault monster count
 F = Vault count percentage of total count
                 A         B        C        D         E       F
            +---------+---------+-------+---------+---------+-------
      Total |      77 |       0 |   0.0 |      28 |       0 |   0.0
            +---------+---------+-------+---------+---------+-------
        D:1 |      20 |       0 |   0.0 |      12 |       0 |   0.0
        D:2 |      57 |       0 |   0.0 |      16 |       0 |   0.0
            +---------+---------+-------+---------+---------+-------
